 Dungeon Crawl Stone Soup version 0.32-a0-485-g70f7560b1c (webtiles) character file.

Game seed: 5020290321302991160

29679 BubbleThief the Nimble (level 13, 0/81 (84) HPs)
             Began as a Tengu Summoner on Feb 26, 2024.
             Was an Initiate of Gozag.
             Killed from afar by a laughing skull (12 damage)
             ... with a bolt of negative energy
             ... summoned by an orange crystal statue
             ... in a Gauntlet on Feb 27, 2024.
             The game lasted 00:42:58 (16664 turns).

BubbleThief the Nimble (Tengu Summoner)            Turns: 16664, Time: 00:42:59

HP:   0/81 (84)     AC: 11    Str: 10    XL:     13   Next: 46%
MP:   1/29          EV: 13    Int: 19    God:    Gozag
Gold: 2484          SH:  0    Dex: 15    Spells: 20/34 levels left

rFire   + . .        X - +0 quick blade
rCold   . . .        U - +2 buckler
rNeg    + . .        w - +2 robe {rN+}
rPois   .            A - +1 hat of Benevolence {rElec}
rElec   +            P - +0 cloak
rCorr   .            O - +0 pair of gloves
SInv    .            (boots unavailable)
Will    .....        (no amulet)
Stlth   ++           u - ring of protection from fire
HPRegen 0.33/turn    s - +4 ring of protection
MPRegen 0.21/turn

%: no teleportation, acrobat
@: unable to call your familiar, flying, held, lightly drained
A: beak, talons 3, evasive flight, acrobatic
a: Renounce Religion, Potion Petition, Call Merchant, Bribe Branch


You were in a Gauntlet.
You worshipped Gozag.
Gozag was most pleased with you.
You visited 3 branches of the dungeon, and saw 16 of its levels.
You also visited: Ossuary and Gauntlet.

You collected 2785 gold pieces.
You spent 160 gold pieces at shops.
You paid 141 gold pieces to Gozag.

Inventory:

Hand Weapons
 a - a +0 shortbow
 h - the +2 flail of the Mind {speed, rN+ MP+9}
   (You found it on level 6 of the Dungeon)

   rN+:       It protects you from negative energy.
   MP+9:      It affects your magic capacity (+9).
 X - a +0 quick blade (weapon)
 Y - the +4 shortbow "Renitiah" {flame, rF- Dex+6}
   (You found it in a Gauntlet)

   Dex+6:     It affects your dexterity (+6).
   rF-:       It makes you vulnerable to fire.
Armour
 w - a +2 robe of positive energy (worn)
 A - the +1 hat of Benevolence (worn) {rElec}
   (You found it in a Gauntlet)

   rElec:     It insulates you from electricity.
 O - a +0 pair of gloves (worn)
 P - a +0 cloak (worn)
 U - a +2 buckler (worn)
Magical Staves
 i - a staff of air
 W - a staff of fire
Jewellery
 c - a +6 ring of strength
 s - a +4 ring of protection (right hand)
 u - a ring of protection from fire (left hand)
 x - a ring of see invisible
 L - a ring of ice
 M - a ring of resist corrosion
Wands
 p - a wand of paralysis (15)
 y - a wand of flame (36)
 I - a wand of polymorph (2)
 K - a wand of light (5)
 Q - a wand of iceblast (6)
 R - a wand of digging (4)
Scrolls
 m - a scroll of identify
 o - a scroll of revelation
 r - 3 scrolls of fog {unknown}
 t - 3 scrolls of poison {unknown}
 v - a scroll of acquirement {unknown}
 D - 6 scrolls of teleportation {unknown}
 F - 2 scrolls of enchant weapon {unknown}
 H - 6 scrolls of fear {unknown}
 J - 3 scrolls of immolation {unknown}
 N - 2 scrolls of brand weapon {unknown}
 T - a scroll of blinking
 V - a scroll of amnesia {unknown}
Potions
 b - 4 potions of magic
 d - 5 potions of resistance
 e - 4 potions of might
 f - 5 potions of brilliance
 g - 4 potions of attraction
 j - 6 potions of curing
 k - 6 potions of enlightenment
 l - 4 potions of mutation
 n - 5 potions of invisibility
 z - 7 potions of degeneration
 B - 2 potions of haste
 C - a potion of cancellation {unknown}
 E - a potion of heal wounds {unknown}
 G - 3 potions of lignification
 S - a potion of berserk rage {unknown}
Miscellaneous
 q - a phial of floods (inert)


   Skills:
 + Level 10.8 Fighting
 + Level 0.0 Short Blades
 + Level 11.9 Dodging
 - Level 2.0 Stealth
 - Level 6.0 Shields
 + Level 11.4 Spellcasting
 - Level 10.0 Summonings
 - Level 9.0 Air Magic


You had 20 spell levels left.
You knew the following spells:

 Your Spells              Type           Power      Damage    Failure   Level
a - Summon Small Mammal   Summ           100%       N/A       1%          1
b - Call Canine Familiar  Summ           49%        N/A       1%          3
c - Call Imp              Summ           98%        N/A       1%          2
d - Summon Lightning Spi  Summ/Air       47%        N/A       1%          4
e - Summon Blazeheart Go  Fire/Summ      30%        N/A       11%         4

Your spell library contained the following spells:

 Spells                   Type           Power      Damage    Failure   Level
 Mercury Vapours          Alch/Air       56%        N/A       1%          2
 Summon Ice Beast         Ice/Summ       30%        N/A       3%          3
 Mephitic Cloud           Conj/Alch/Air  22%        N/A       8%          3
 Magic Dart               Conj           40%        1d5       9%          1
 Martyr's Knell           Necr/Summ      30%        N/A       11%         4
 Blink                    Tloc           20%        N/A       13%         2
 Lesser Beckoning         Tloc           20%        N/A       13%         2
 Momentum Strike          Conj/Tloc      20%        3d8       13%         2
 Searing Ray              Conj           20%        2d5       13%         2
 Silence                  Hex/Air        14%        N/A       36%         5
 Freezing Cloud           Conj/Ice/Air   11%        6-21      56%         5
 Anguish                  Hex/Necr       5%         N/A       65%         4
 Cause Fear               Hex            5%         N/A       65%         4
 Flame Wave               Conj/Fire      10%        2d6       65%         4
 Fulminant Prism          Conj/Alch      5%         3d7       65%         4
 Passage of Golubria      Tloc           10%        N/A       65%         4
 Enfeeble                 Hex            5%         N/A       100%        7
 Lehudib's Crystal Spear  Conj/Erth      5%         10d3      100%        8


Dungeon Overview and Level Annotations

Branches:
Dungeon (11/15)            Temple (1/1) D:6            Lair (4/5) D:11
 Shoals (0/4) Lair:2        Snake (0/4) Lair:3      Ossuary (visited)
Gauntlet (1/1)
  Slime: Lair:4-5       Orc: D:9-12

Altars:
Ashenzari
Cheibriados
Dithmenos
Elyvilon
Fedhas
Gozag
Hepliaklqana
Kikubaaqudgha
Makhleb
Nemelex Xobeh
Okawaru
Qazlal
Ru
Sif Muna
Trog
Uskayaw
Vehumet
Wu Jian
Xom
Yredelemnul
Zin
The Shining One
Jiyva

Shops:
D:8 [   D:11 (:!

Annotations:
Lair:2 3 runed translucent doors, Livid's ghost, journeyman AtFi Gauntlet 7 transporters, exclusion: 2 orange crystal statues


Innate Abilities, Weirdness & Mutations

You have a beak for a mouth.
You have claws for feet.
Your magical flight helps you evade attacks. (EV +4)
You can magically evade attacks while moving or waiting.


Message History

Unknown command.
The laughing skull fails to trigger a net trap.
The laughing skull drops a net on you.
You avoid being caught in a net.
Unknown command.
Unknown command.
You closely miss the laughing skull.
You hit the laughing skull but do no damage.
You claw the laughing skull, but do no damage.
Your cerulean imp closely misses the laughing skull.
You block the laughing skull's attack.
Unknown command.
Unknown command.
Okay, then.
Aiming: Bolt of Light
Press: ? - help, Shift-Dir - straight line, f - laughing skull
Aim: a laughing skull (summoned, 43% to hit)
The bolt of light hits the laughing skull!
The laughing skull is moderately damaged.
The bolt of light misses the laughing skull.
The laughing skull drops a net on you.
You become entangled in the net!
Your cerulean imp hits the laughing skull from afar with a +0 spear.
The laughing skull headbutts you but does no damage.
Unknown command.
Casting: Call Imp (safe; 1% risk of failure)
Confirm with . or Enter, or press ? or * to list all spells.
A fiery spirit appears, bound in slag iron.
Your blazeheart golem disappears in a puff of smoke!
Your cerulean imp closely misses the laughing skull.
The laughing skull completely misses you.
The laughing skull headbutts you but does no damage.
Unknown command.
Unknown command.
Casting: Summon Blazeheart Golem (dangerous; 11% risk of failure)
Confirm with . or Enter, or press ? or * to list all spells.
An electric hum fills the air.
The laughing skull gibbers with scorn.
The bolt of negative energy hits you! You partially resist.
You feel drained.
You die...
The laughing skull crumbles to pieces from sheer joy.
Your body crumbles into a pile of gold.

#.©.#≈.............≈............§
....#∩§...........≈ߧ..........§§
#.©.#≈.............≈.............
#...#..###########...###########.
#...#..#[.#......#...#.........#.
#.ß.#..#...#..^..#...#.........#.
#...#..#.^.#^...######.........##
#.ß.#..#?.§.#.##z#...#....))...#.
#...#..#©I.###zz@#©.©#©...©....#©
#≈ß≈#..#[##.#©9.5#...#.........#.
#..##...z#..I#####.........##
#..#.....#...#...#.........#.
#..#......#..#.ß.#.........#.
#ß#..###########...###########.
###............................
#≈...........................
#############################


You could see an orange crystal statue, 4 laughing skulls, a friendly lightning
spire (summoned), a friendly blazeheart golem (summoned) and a friendly cerulean
imp (summoned).

Vanquished Creatures
  A skyshark (Lair:2)
  A sixfirhy (Gauntlet)
  2 manticores (Lair:2)
  2 elephants (Lair:4)
  A cane toad (Lair:1)
  A rime drake (Lair:4)
  A komodo dragon (Lair:2)
  A polar bear (Lair:3)
  2 blink frogs (Lair:4)
  5 yaks
  A basilisk (Lair:3)
  A vampire mosquito (D:10)
  A kobold brigand (D:9)
  A phantom (D:4)
  4 bullfrogs
  A scorpion (D:6)
  A killer bee (D:9)
  2 howler monkeys
  A hound (D:5)
  An orc priest (D:8)
  An orc wizard (D:10)
  3 adders
  A shadow imp (D:5)
  An ufetubus (Gauntlet)
  A dart slug (D:4)
  3 orcs
  2 ball pythons
  3 endoplasms
  A gnoll zombie (Ossuary)
  3 hobgoblins
  A jackal (D:3)
  3 kobolds
  A kobold zombie (Ossuary)
  3 rats
58 creatures vanquished.

Vanquished Creatures (collateral kills)
  2 hydras
  A two-headed ogre (D:10)
  4 death yaks (Lair:2)
  A cyclops (D:11)
  Joseph (D:8)
  3 meliai (Gauntlet)
  3 elephants (Lair:4)
  5 black mambas
  5 cane toads
  2 rime drakes
  3 trolls
  2 polar bears
  A hornet (Lair:2)
  9 blink frogs
  A shadow (D:11)
  40 yaks
  A vampire mosquito (D:10)
  5 nagas (Lair:3)
  8 water moccasins
  A sky beast (D:7)
  2 black bears (D:7)
  2 orc warriors
  4 ogres
  4 centaurs
  A weeping skull (Ossuary)
  2 kobold brigands
  10 bullfrogs
  A gnoll sergeant (D:11)
  4 scorpions
  A burial acolyte (Ossuary)
  3 wights (D:9)
  2 killer bees (D:9)
  4 howler monkeys
  2 electric eels (Lair:3)
  A bombardier beetle (D:4)
  2 orc priests
  2 hounds (D:6)
  A gnoll bouda (D:6)
  An iguana (D:6)
  2 sleepcaps
  3 orc wizards
  4 mummies (Ossuary)
  16 gnolls
  8 adders
  2 shadow imps (D:8)
  A white imp (D:6)
  7 ufetubi
  A dart slug (D:4)
  7 ribbon worms
  28 orcs
  A ball python (D:1)
  A bat (D:2)
  8 endoplasms
  4 giant cockroaches
  4 goblins
  2 hobgoblins
  A jackal (D:3)
  2 quokkas (D:4)
  2 frilled lizards
  A gnoll zombie (Ossuary)
  12 kobolds
  4 kobold zombies (Ossuary)
  An orc zombie (Ossuary)
  3 rats
272 creatures vanquished.

Vanquished Creatures (others)
  A water moccasin (Lair:3)
  9 blazeheart cores
10 creatures vanquished.

Grand Total: 340 creatures vanquished

Notes
Turn   | Place    | Note
-------+----------+-------------------------------------------
     0 | D:1      | BubbleThief the Tengu Summoner began the quest for the Orb.
     0 | D:1      | Reached XP level 1. HP: 10/10 MP: 4/4
    88 | D:1      | Reached skill level 5 in Summonings
    88 | D:1      | Reached XP level 2. HP: 15/15 MP: 1/6
   633 | D:1      | Reached XP level 3. HP: 19/19 MP: 5/7
   637 | D:1      | Learned a level 3 spell: Call Canine Familiar
  1084 | D:2      | Reached XP level 4. HP: 24/24 MP: 4/9
  1383 | D:2      | Reached XP level 5. HP: 28/28 MP: 7/10
  1851 | D:3      | Learned a level 2 spell: Call Imp
  2163 | D:3      | Found a snail-covered altar of Cheibriados.
  2203 | D:3      | Found an ornate altar of the Wu Jian Council.
  2481 | D:3      | Learned a level 4 spell: Summon Lightning Spire
  2653 | D:4      | Reached skill level 1 in Air Magic
  2835 | D:4      | Reached XP level 6. HP: 32/32 MP: 8/12
  3155 | D:4      | Noticed a water moccasin
  3233 | D:4      | Killed a water moccasin
  3234 | D:4      | Gained mutation: Your magical flight helps you evade
                  | attacks. (EV +4) [Tengu growth]
  3234 | D:4      | Reached XP level 7. HP: 36/36 MP: 5/14
  3505 | D:4      | Reached skill level 5 in Air Magic
  3905 | D:5      | Entered Level 5 of the Dungeon
  4367 | D:5      | Found a sacrificial altar of Ru.
  4371 | D:5      | Found a shadowy altar of Dithmenos.
  4378 | D:5      | Found a basalt altar of Yredelemnul.
  4378 | D:5      | Found a burning altar of Makhleb.
  4733 | D:5      | Reached XP level 8. HP: 41/41 MP: 13/15
  5161 | D:6      | Found a sand-covered staircase.
  5172 | Ossuary  | Entered an ossuary
  5600 | D:6      | Reached skill level 5 in Spellcasting
  5884 | D:6      | Found a staircase to the Ecumenical Temple.
  5939 | Temple   | Entered the Ecumenical Temple
  5955 | Temple   | Became a worshipper of Gozag Ym Sagoz the Greedy
  6117 | D:6      | Found a hide-covered altar of Uskayaw.
  6356 | D:6      | Identified the +2 flail of the Mind {speed, rN+ MP+9}
  6554 | D:6      | Reached XP level 9. HP: 46/46 MP: 13/18
  6661 | D:6      | Reached skill level 1 in Fighting
  6852 | D:7      | Found a blossoming altar of Fedhas.
  7234 | D:7      | Reached skill level 5 in Dodging
  7864 | D:8      | Found Itetar's Armour Shop.
  7975 | D:8      | Reached XP level 10. HP: 58/58 MP: 17/21
  7982 | D:8      | Noticed Joseph
  7998 | D:8      | Killed Joseph
  7999 | D:8      | Reached skill level 5 in Fighting
  9515 | D:10     | Entered Level 10 of the Dungeon
  9535 | D:9      | Learned a level 4 spell: Summon Blazeheart Golem
  9560 | D:10     | Reached XP level 11. HP: 63/66 MP: 20/24
 10086 | D:10     | Noticed a two-headed ogre
 10101 | D:10     | Killed a two-headed ogre
 10856 | D:11     | Noticed a cyclops
 10865 | D:11     | Killed a cyclops
 10866 | D:11     | Reached skill level 10 in Summonings
 10902 | D:11     | Found Quudgh's Distillery.
 10910 | D:11     | Bought a potion of haste for 160 gold pieces
 11055 | D:11     | Found Xivvoa's Book Shoppe.
 11087 | D:11     | Found a staircase to the Lair.
 11304 | D:11     | Found Hysar's Antique Weapon Boutique.
 11455 | Lair:1   | Entered Level 1 of the Lair of Beasts
 11460 | Lair:1   | Identified the +1 flail "Neimoenky" {freeze, rF+ rC+ rN+
                  | Will-}
 11611 | Lair:1   | Reached skill level 1 in Shields
 12555 | Lair:1   | Reached XP level 12. HP: 66/75 MP: 21/26
 12612 | Lair:1   | Noticed an eight-headed hydra
 12778 | Lair:1   | Killed an eight-headed hydra
 13182 | Lair:2   | Noticed a skyshark
 13349 | Lair:2   | Reached skill level 10 in Dodging
 13349 | Lair:2   | Reached skill level 10 in Spellcasting
 13534 | Lair:2   | Killed a skyshark
 13804 | Lair:2   | Noticed a death yak
 13804 | Lair:2   | Noticed a death yak
 13804 | Lair:2   | Noticed a death yak
 13804 | Lair:2   | Noticed a death yak
 13835 | Lair:2   | Killed a death yak
 13836 | Lair:2   | Killed a death yak
 13846 | Lair:2   | Killed a death yak
 13856 | Lair:2   | Killed a death yak
 14100 | Lair:2   | Got the Directory of the Igneous Escort
 14150 | Lair:2   | Found a runed translucent gate.
 14150 | Lair:2   | Found a runed translucent gate.
 14150 | Lair:2   | Found a runed translucent gate.
 14151 | Lair:2   | Noticed Livid's ghost (journeyman AtFi)
 14164 | Lair:2   | Found a staircase to the Shoals.
 14180 | Lair:2   | Reached skill level 5 in Shields
 14554 | Lair:2   | Found a viscous altar of Jiyva.
 14629 | Lair:3   | Noticed an eight-headed hydra
 14649 | Lair:3   | Killed an eight-headed hydra
 14957 | Lair:3   | Reached XP level 13. HP: 82/82 MP: 19/28
 14962 | Lair:3   | Reached skill level 10 in Fighting
 15062 | Lair:3   | Found a staircase to the Snake Pit.
 16024 | Lair:4   | Found a gate leading to a gauntlet.
 16137 | Gauntlet | Entered a Gauntlet
 16137 | Gauntlet | Found a transporter.
 16137 | Gauntlet | Found a transporter.
 16137 | Gauntlet | Found a transporter.
 16138 | Gauntlet | Found a transporter.
 16141 | Gauntlet | Found a transporter.
 16141 | Gauntlet | Found a transporter.
 16151 | Gauntlet | Found a transporter.
 16155 | Gauntlet | Found a transporter.
 16167 | Gauntlet | Found a transporter.
 16176 | Gauntlet | Found a transporter.
 16197 | Gauntlet | Found a transporter.
 16199 | Gauntlet | Found a transporter.
 16596 | Gauntlet | Identified the +1 hat of Benevolence {rElec}
 16608 | Gauntlet | Identified the +4 shortbow "Renitiah" {flame, rF- Dex+6}
 16664 | Gauntlet | Killed from afar by a laughing skull

Illustrated notes

Levels and vault maps discovered:
D:1:      saegor_arrival_simple_c, layout_basic
D:2:      layout_rooms
D:3:      layout_basic, slow_altar_2, lemuel_round_altar, grunt_decor_arrowhead
D:4:      minmay_chambers_of_fours, layout_loops_cross
D:5:      layout_basic, minitemple, chequers_jeans,
          chequers_serial_rivers_room_a, patterned_corridor
D:6:      layout_loops_cross, lemuel_tele_altar, minmay_temple_entry_tees,
          lightli_ossuary_entry_decrepit_ruins, st_stairs_2
D:7:      layout_loops_cross, old_standard_altar
D:8:      layout_gridville, serial_shops, nicolae_shop_statue_plus, uniq_joseph
D:9:      layout_roguey, nrook_campfire
D:10:     layout_basic
D:11:     layout_gridville, lair_entry_dummy, serial_shops, shop,
          nicolae_shop_temple_entry_statues_fountains,
          nicolae_book_shop_shelving
Temple:   eino_temple_water
Lair:1:   cheibrodos_lair_river_kwai, layout_cave_pods
Lair:2:   layout_regular_city, minmay_shoals_entry_beasts, gammafunk_ghost_ooze
Lair:3:   layout_roguey, minmay_snake_entry_guardpost_medium,
          lemuel_old_faithful, serial_bayou_shore_b, grunt_megastairs_3,
          infiniplex_staircase_pool
Lair:4:   layout_cave_pods, gauntlet_entry_generic
Gauntlet: gammafunk_gauntlet_hard_choice [nicolae_gauntlet_arena_t_cross,
          nicolae_gauntlet_arena_blocks, nicolae_gauntlet_arena_quarters,
          gammafunk_gauntlet_arena_open, gammafunk_gauntlet_arena_corners,
          nicolae_gauntlet_swirl, dreamdust_gauntlet_exit_labyrinth]

Skill      XL: |  1  2  3  4  5  6  7  8  9 10 11 12 13 |
---------------+----------------------------------------+-----
Summonings     | 5 6 7 8 9 10 | 10.0
Spellcasting   | 3 4 5 7 8 9 10 11 | 11.4
Air Magic      | 2 4 6 9 |  9.0
Fighting       | 4 6 8 9 10 | 10.8
Dodging        | 5 8 9 11 | 11.9
Shields        | 2 5 6 |  6.0
Stealth        | |  2.0

Action                     |  1- 3 |  4- 6 |  7- 9 | 10-12 | 13-15 || total
---------------------------+-------+-------+-------+-------+-------++-------
  Melee: Staff             |     8 |    53 |    50 |   102 |    28 ||   241
         Kick              |     3 |    15 |    15 |    37 |    13 ||    83
         Peck              |       |     9 |     9 |    23 |     6 ||    47
         Quick blade       |       |       |       |       |     4 ||     4
   Cast: Summon Small Mamm |    28 |    11 |       |       |       ||    39
         Call Canine Famil |     3 |    22 |    33 |    25 |     8 ||    91
         Call Imp          |       |     8 |    28 |    21 |     7 ||    64
         Summon Lightning  |       |       |    19 |    73 |    18 ||   110
         Summon Blazeheart |       |       |       |    14 |    10 ||    24
  Evoke: Wand              |       |       |       |     3 |     4 ||     7
         Phial of floods   |       |       |       |       |     1 ||     1
    Use: Scroll            |       |       |     5 |     1 |     8 ||    14
         Potion            |       |       |       |       |     2 ||     2
   Stab: Sleeping          |       |     2 |     1 |       |       ||     3
         Distracted        |       |     1 |     1 |     3 |       ||     5
 Armour: Robe              |     1 |    32 |    32 |    80 |    37 ||   182
  Dodge: Dodged            |     6 |    46 |    89 |   176 |    68 ||   385
  Block: Buckler           |       |       |       |    20 |    24 ||    44

Table legend: (Time is in decaauts)
 A = Elapsed time spent in this place.
 B = Non-inter-level travel time spent in this place.
 C = Inter-level travel time spent in this place.
 D = Time resting spent in this place.
 E = Time spent auto-exploring this place.
 F = Levels seen in this place.
 G = Mean time per level.
                   A        B        C        D        E       F      G
               +--------+--------+--------+--------+--------+-----+--------+
         Total |  16710 |  16188 |    522 |    188 |  12787 |  18 |  928.3 |
       Dungeon |  11260 |  10911 |    349 |    185 |   8706 |  11 | 1023.6 |
        Temple |     32 |      3 |     29 |      0 |      0 |   1 |   32.0 |
          Lair |   4516 |   4372 |    144 |      0 |   3457 |   4 | 1129.0 |
       Ossuary |    373 |    373 |      0 |      0 |    254 |   1 |  373.0 |
      Gauntlet |    527 |    527 |      0 |      3 |    370 |   1 |  527.0 |
               +--------+--------+--------+--------+--------+-----+--------+

Top non-repeatable levels by time:
  Lair:1: 1557 daAuts
  Lair:2: 1379 daAuts
  Lair:3: 1343 daAuts
    D:10: 1305 daAuts
     D:4: 1291 daAuts
     D:5: 1233 daAuts
     D:6: 1194 daAuts
     D:7: 1131 daAuts
     D:3: 1010 daAuts
     D:9: 982 daAuts
     D:1: 896 daAuts
    D:11: 802 daAuts
     D:2: 716 daAuts
     D:8: 695 daAuts
Gauntlet: 527 daAuts
